 Dungeon Crawl Stone Soup version 0.24-a0-282-g1a68c911f0 (webtiles) character file.

Game seed: 12805531431070301045

490 Roikka the Magician (level 6, -2/32 HPs)
             Began as a Deep Elf Wizard on May 2, 2019.
             Was a Follower of Sif Muna.
             Slain by an iguana (10 damage)
             ... on level 4 of the Dungeon.
             The game lasted 00:20:07 (4634 turns).

Roikka the Magician (Deep Elf Wizard)               Turns: 4634, Time: 00:20:08

Health: -2/32      AC:  5    Str:  6    XL:     6   Next: 90%
Magic:  6/17       EV: 14    Int: 23    God:    Sif Muna [*.....]
Gold:   146        SH:  2    Dex: 13    Spells: 6/17 levels left

rFire    . . .     SeeInvis .   t - +1 whip (elec)
rCold    . . .     Gourm    .   (no shield)
rNeg     . . .     Faith    .   a - +0 robe
rPois    .         Spirit   .   q - +0 helmet
rElec    .         Reflect  +   (no cloak)
rCorr    .         Harm     .   n - +0 pair of gloves
MR       .....                  k - +0 pair of boots
Stlth    ++........             f - +2 amulet of reflection
HPRegen  0.10/turn              (no ring)
MPRegen  0.15/turn              (no ring)

@: no status effects
A: no striking features
a: Divine Energy, Renounce Religion


You were on level 4 of the Dungeon.
You worshipped Sif Muna.
Sif Muna was aware of your devotion.
You were not hungry.

You visited 1 branch of the dungeon, and saw 4 of its levels.

You collected 146 gold pieces.

Inventory:

Hand Weapons
 t - a +1 whip of electrocution (weapon)
Armour
 a - a +0 robe (worn)
 k - a +0 pair of boots (worn)
 n - a +0 pair of gloves (worn)
 q - a +0 helmet (worn)
 r - a +0 leather armour
Magical Staves
 b - an uncursed staff of cold
Jewellery
 c - a cursed ring of attention {unknown}
 f - a +2 amulet of reflection (around neck)
 s - a cursed ring of teleportation {unknown}
Wands
 m - a wand of paralysis (10)
Scrolls
 i - 2 scrolls of remove curse
 j - a scroll of enchant weapon
 o - a scroll of magic mapping {unknown}
Potions
 g - 4 potions of curing {unknown}
 h - a potion of lignification {unknown}
 l - a potion of invisibility {unknown}
 p - a potion of resistance {unknown}
Comestibles
 d - 8 rations
 u - 4 chunks of flesh


   Skills:
 + Level 1.6 Armour
 - Level 4.0 Dodging
 - Level 2.4 Stealth
 + Level 6.0 Spellcasting
 + Level 3.0 Conjurations
 - Level 3.0 Summonings
 - Level 1.1 Translocations
 + Level 2.0 Fire Magic
 + Level 1.8 Air Magic
 + Level 2.1 Poison Magic


You had 6 spell levels left.
You knew the following spells:

 Your Spells              Type           Power        Failure   Level  Hunger
a - Magic Dart            Conj           ###.         2%          1    None
b - Call Imp              Summ           ###.....     3%          2    None
c - Blink                 Tloc           N/A          9%          2    None
d - Mephitic Cloud        Conj/Pois/Air  ###.....     10%         3    #......
e - Conjure Flame         Conj/Fire      ###.....     9%          3    #......

Your spell library contained the following spells:

 Spells                   Type           Power        Failure   Level  Hunger
 Slow                     Hex            #.......     13%         2    None


Dungeon Overview and Level Annotations

Branches:
Dungeon (4/15)
 Temple: D:4-7

Altars:
Sif Muna


Message History

Confirm with . or Enter, or press ? or * to list all spells.
Aiming: Magic Dart (safe; 2% risk of failure)
Press: ? - help, Shift-Dir - straight line, f/p - iguana
Aim: an iguana (moderately wounded)
The magic dart hits the iguana.
The iguana is heavily wounded.
The iguana bites you!
* * * LOW HITPOINT WARNING * * *
Your shadow imp hits the iguana but does no damage.
Your shadow imp disappears in a puff of smoke!
Casting: Magic Dart (safe; 2% risk of failure)
Confirm with . or Enter, or press ? or * to list all spells.
A beastly little devil appears in a puff of flame.
The iguana closely misses you.
Your crimson imp barely misses the iguana.
Casting: Call Imp (safe; 3% risk of failure)
Confirm with . or Enter, or press ? or * to list all spells.
A shadowy apparition takes form in the air.
The iguana bites you!
You die...

#..#.###.## #
#...##...## .#
#...##.##.## ##.#
#....#.###.## #..#
##.....## ##.###..#
#......# ##....#
......###.# ##..##
.....### #l## ##..#
.....# #@5#
##...#### ....#
#.5####.......# ...#
#..##...##........
..# #......##
#...#... ....#
#....### ..## ##
......# ###....##
..# #
.......####.......#
... #
.......##...#......#
..# .
#.........####......


You could see an iguana, a friendly crimson imp and a friendly shadow imp.

Vanquished Creatures
  An ogre (D:4)
  A scorpion (D:4)
  A bullfrog skeleton (D:4)
  2 orc priests
  An orc wizard (D:3)
  A worker ant (D:3)
  Robin (D:2)
  4 adders
  An ooze (D:1)
  6 worms
  A dart slug (D:4)
  2 leopard geckos (D:3)
  7 orcs
  3 giant cockroaches
  17 goblins
  10 hobgoblins
  16 jackals
  4 quokkas
  3 ball pythons
  10 bats
  9 frilled lizards
  6 kobolds
  A quokka skeleton (D:4)
  7 rats
115 creatures vanquished.

Vanquished Creatures (collateral kills)
  A worker ant (D:4)
  An ooze (D:3)
  4 orcs (D:3)
  A hobgoblin (D:3)
  2 jackals (D:3)
  A rat (D:3)
10 creatures vanquished.

Grand Total: 125 creatures vanquished

Notes
Turn   | Place    | Note
-------+----------+-------------------------------------------
     0 | D:1      | Roikka the Deep Elf Wizard began the quest for the Orb.
     0 | D:1      | Reached XP level 1. HP: 10/10 MP: 7/7
   223 | D:1      | Reached XP level 2. HP: 15/15 MP: 6/9
   232 | D:1      | Learned a level 2 spell: Call Imp
   521 | D:1      | Learned a level 2 spell: Blink
   814 | D:1      | Reached XP level 3. HP: 19/19 MP: 8/11
  1034 | D:1      | Learned a level 3 spell: Mephitic Cloud
  1038 | D:1      | Learned a level 3 spell: Conjure Flame
  1450 | D:2      | Reached skill level 5 in Spellcasting
  1600 | D:2      | Reached XP level 4. HP: 24/24 MP: 11/13
  1655 | D:2      | Noticed Robin
  1659 | D:2      | Killed Robin
  2103 | D:2      | Found a deep blue altar of Sif Muna.
  2106 | D:2      | Became a worshipper of Sif Muna the Loreminder
  2643 | D:3      | Reached XP level 5. HP: 28/28 MP: 3/14
  3808 | D:3      | Reached skill level 1 in Poison Magic
  3892 | D:4      | Reached skill level 1 in Armour
  3892 | D:4      | Reached skill level 1 in Fire Magic
  3892 | D:4      | Reached skill level 1 in Air Magic
  3892 | D:4      | Reached XP level 6. HP: 32/32 MP: 11/16
  4248 | D:4      | Reached * piety under Sif Muna
  4248 | D:4      | Reached skill level 6 in Spellcasting
  4634 | D:4      | Slain by an iguana

Levels and vault maps discovered:
D:1:      mainiacjoe_arrival_reflecting_pool, layout_basic
D:2:      layout_loops_ring, lemuel_blue_sif_altar, minivault_11,
          grunt_ministairs_15, uniq_robin
D:3:      layout_rooms
D:4:      layout_layer_cave, first_ration, minmay_box_of_dots, uniq_ijyb

Skill      XL: |  1  2  3  4  5  6 |
---------------+-------------------+-----
Dodging        | 3 4 |  4.0
Conjurations   | 2 3 |  3.0
Summonings     | 2 3 |  3.0
Spellcasting   | 5 6 |  6.0
Poison Magic   | 1 2 |  2.1
Armour         | 1 |  1.6
Fire Magic     | 1 2 |  2.0
Air Magic      | 1 |  1.8
Stealth        | |  2.4
Translocations | |  1.1

Action                   |  1- 3 |  4- 6 || total
-------------------------+-------+-------++-------
Melee: Dagger            |    24 |     2 ||    26
       Staff             |       |    28 ||    28
       Whip              |       |    12 ||    12
 Cast: Magic Dart        |   103 |   188 ||   291
       Call Imp          |     1 |    12 ||    13
       Mephitic Cloud    |       |     1 ||     1
  Use: Scroll            |       |     5 ||     5
 Stab: Distracted        |       |     1 ||     1
  Eat: Chunk             |     2 |     9 ||    11
Armor: Robe              |     7 |    18 ||    25
Dodge: Dodged            |    24 |    60 ||    84
Block: Other             |       |     3 ||     3

Table legend:
 A = Non-vault XP
 B = Vault XP
 C = Vault XP percentage of total XP
 D = Non-vault monster count
 E = Vault monster count
 F = Vault count percentage of total count
                 A         B        C        D         E       F
            +---------+---------+-------+---------+---------+-------
      Total |     496 |     205 |  29.2 |     107 |      18 |  14.4
            +---------+---------+-------+---------+---------+-------
        D:1 |      57 |       0 |   0.0 |      31 |       0 |   0.0
        D:2 |      51 |      45 |  46.9 |      18 |      15 |  45.5
        D:3 |     186 |       0 |   0.0 |      42 |       0 |   0.0
        D:4 |     202 |     160 |  44.2 |      16 |       3 |  15.8
            +---------+---------+-------+---------+---------+-------
